 Dungeon Crawl Stone Soup version 0.30.0-29-ga12c61a403 (webtiles) character file.

Game seed: 17026386753348797129

176 ChadusMaximus the Trooper (level 5, -9/47 HPs)
             Began as a Minotaur Fighter on June 20, 2023.
             Mangled by an ogre
             ... wielding a +0 giant spiked club
              (25 damage)
             ... on level 3 of the Dungeon.
             The game lasted 00:01:22 (1860 turns).

ChadusMaximus the Trooper (Minotaur Fighter)        Turns: 1860, Time: 00:01:23

Health: -9/47      AC: 12    Str: 23    XL:     5   Next: 30%
Magic:  4/4        EV:  8    Int:  5    God:
Gold:   85         SH:  4    Dex:  9    Spells: 4/4 levels left

rFire   . . .        a - +0 war axe
rCold   . . .        c - +0 buckler
rNeg    . . .        m - +0 chain mail
rPois   .            (helmet restricted)
rElec   .            v - +0 cloak {Will+}
rCorr   .            g - +0 pair of gloves
SInv    .            (no boots)
Will    +....        (no amulet) Stlth
                     (no ring)
HPRegen 0.27/turn    (no ring)
MPRegen 0.09/turn

%: no passive effects
@: no status effects
A: horns 2, retaliatory headbutt
a: no special abilities


You were on level 3 of the Dungeon.
You visited 1 branch of the dungeon, and saw 3 of its levels.

You collected 85 gold pieces.

Inventory:

Hand Weapons
 a - a +0 war axe (weapon)
Armour
 b - a +0 scale mail
 c - a +0 buckler (worn)
 g - a +0 pair of gloves (worn)
 m - a +0 chain mail (worn)
 v - a +0 cloak of willpower (worn)
Jewellery
 t - the ring of Exhibitionism {rC+ Stlth+}
   (You found it on level 2 of the Dungeon)

   [ring of protection from cold]

   rC:        It protects you from cold.
   Stlth:     It makes you more stealthy.
Scrolls
 e - a scroll of immolation {unknown}
 j - 5 scrolls of identify {unknown}
 n - a scroll of fear {unknown}
 s - a scroll of noise {unknown}
Potions
 d - 2 potions of might
 f - a potion of ambrosia {unknown}
 h - 5 potions of heal wounds {unknown}
 i - a potion of cancellation {unknown}
 k - a potion of flight {unknown}
 l - a potion of attraction {unknown}
 o - a potion of curing {unknown}
 p - a potion of brilliance {unknown}
 q - a potion of magic {unknown}
 r - 2 potions of berserk rage {unknown}
 u - a potion of degeneration {unknown}


   Skills:
 + Level 4.8 Fighting
 + Level 4.0 Axes
 + Level 4.7 Armour
 + Level 4.7 Shields


You had 4 spell levels left.
You didn't know any spells.
Your spell library contained the following spells:

 Spells                   Type           Power      Damage    Failure   Level
 Apportation              Tloc           0%         N/A       98%         1
 Necrotise                Necr           0%         1d4       98%         1
 Summon Small Mammal      Summ           0%         N/A       98%         1


Dungeon Overview and Level Annotations

Branches:
Dungeon (3/15)

Altars:

Shops:
D:2 !


Innate Abilities, Weirdness & Mutations

You have a pair of horns on your head.
You reflexively headbutt those who attack you in melee.


Message History

There are monsters nearby!
You slash the orc!
You kill the orc!
You barely miss the endoplasm. The endoplasm freezes you.
You are frozen.
An ogre comes into view. It is wielding a +0 giant spiked club.
There are monsters nearby!
The ogre shouts!
You slash the orc!
You kill the orc!
You slash the endoplasm!
You kill the endoplasm!
Unknown command.
You block the orc's attack. x2
There are monsters nearby!
You hit the orc.
The orc is moderately wounded.
You completely miss the orc.
A hobgoblin comes into view.
The orc hits you but does no damage. The orc hits you with a +0 flail.
There are monsters nearby!
Unknown command.
The hobgoblin shouts!
You slash the orc!
You kill the orc!
You barely miss the orc. The orc hits you but does no damage. x2
You completely miss the ogre. Your headbutt misses the ogre. You hit the orc.
The ogre hits you with a +0 giant spiked club.
The orc hits you but does no damage.
Unknown command.
You barely miss the ogre. You closely miss the orc. You block the orc's attack.
The ogre hits you with a +0 giant spiked club!!
You slash the ogre!
The ogre is moderately wounded.
You closely miss the orc. The orc hits you with a +0 dagger.
You block the orc's attack.
The ogre hits you with a +0 giant spiked club!!
Ouch! That really hurt!
You die...

..... .# ....#.. (....#
#....## #.<.# #.....
#...# #..g. #####...#
#Oo###.# .......#
#)@....#
.<.....#########.###....
.#####.#.......#.###.###
....##.#.####.........#
.#..........#..####..##
.#..##.#.##......# ##
.......#.####..#.# #
.#.#####.####..#.##.#
.#.#####............#


You could see an ogre, an orc and a hobgoblin.

Vanquished Creatures
  Crazy Yiuf (D:2)
  Natasha (thrice) (D:2)
  3 gnolls (D:2)
  3 orcs (D:3)
  2 endoplasms
  A giant cockroach (D:2)
  2 goblins
  3 hobgoblins (D:1)
  6 jackals
  3 kobolds
  4 quokkas
  2 ball pythons (D:2)
  4 bats (D:1)
  3 frilled lizards (D:1)
  2 rats
42 creatures vanquished.

Notes
Turn   | Place    | Note
-------+----------+-------------------------------------------
     0 | D:1      | ChadusMaximus the Minotaur Fighter began the quest for the
                  | Orb.
     0 | D:1      | Reached XP level 1. HP: 19/19 MP: 0/0
   248 | D:1      | Reached XP level 2. HP: 27/27 MP: 1/1
   875 | D:2      | Noticed Natasha
   882 | D:2      | Killed Natasha
   883 | D:2      | Reached XP level 3. HP: 20/33 MP: 2/2
  1045 | D:2      | Found Nuipi's Distillery.
  1062 | D:2      | Reached XP level 4. HP: 40/40 MP: 3/3
  1244 | D:2      | Noticed Natasha
  1251 | D:2      | Killed Natasha
  1298 | D:2      | Found a runed translucent door.
  1299 | D:2      | Noticed Crazy Yiuf
  1342 | D:2      | Noticed Natasha
  1351 | D:2      | Killed Natasha
  1352 | D:2      | Reached XP level 5. HP: 35/47 MP: 4/4
  1439 | D:2      | Identified the ring of Exhibitionism {rC+ Stlth+}
  1458 | D:2      | Found a faded altar of an unknown god.
  1679 | D:2      | Killed Crazy Yiuf
  1853 | D:3      | Noticed an ogre
  1860 | D:3      | Mangled by an ogre

Illustrated notes

Levels and vault maps discovered:
D:1:      lightli_arrival_isolated_outpost, layout_loops_corners,
          minmay_pentomino_q4
D:2:      layout_rooms, serial_shops, nicolae_shop_real_fake_doors,
          dreamdust_ecumenical_altar_hidden_monk_grotto, uniq_natasha,
          uniq_crazy_yiuf_cottage
D:3:      layout_loops_cross, vehumet_crystals

Skill      XL: |  1  2  3  4  5 |
---------------+----------------+-----
Fighting       | 4 |  4.8
Armour         | 4 |  4.7
Axes           | 3 4 |  4.0
Shields        | 4 |  4.7

Action                     |  1- 3 |  4- 6 || total
---------------------------+-------+-------++-------
  Melee: War axe           |    66 |    34 ||   100
         Headbutt          |     6 |     6 ||    12
 Armour: Scale mail        |    29 |       ||    29
         Chain mail        |     4 |    22 ||    26
  Dodge: Dodged            |    36 |    11 ||    47
  Block: Buckler           |    16 |     9 ||    25
